 Dungeon Crawl Stone Soup version 0.25-a0-474-ga8a2ee3166 (webtiles) character file.

Game seed: 17311047004287717090, levelgen mode: deterministic

22064 kae the Slicer (level 12, -12/67 HPs)
             Began as a Spriggan Enchanter on Feb 7, 2020.
             Was a High Priest of Dithmenos.
             Hit by a javelin thrown by a minotaur (29 damage)
             ... in a Gauntlet.
             The game lasted 00:35:38 (19780 turns).

kae the Slicer (Spriggan Enchanter)                Turns: 19780, Time: 00:35:38

Health: -12/67     AC:  9    Str:  9    XL:     12   Next: 59%
Magic:  1/20       EV: 30    Int: 22    God:    Dithmenos [*****.]
Gold:   1181       SH:  0    Dex: 19    Spells: 9/21 levels left

rFire    + . .     SeeInvis +   a - +3 dagger (vorpal)
rCold    . . .     Gourm    .   (shield restricted)
rNeg     . . .     Faith    .   F - +2 steam dragon scales
rPois    .         Spirit   .   u - +2 hat
rElec    .         Reflect  .   (no cloak)
rCorr    .         Harm     .   (gloves unavailable)
MR       ++...     NoTele   +   (boots unavailable)
Stlth    +++++++...             (no amulet)
HPRegen  0.21/turn              d - ring of protection from fire
MPRegen  0.17/turn              k - ring "Loarig" {Str+4 Int+4}

@: confusing touch, wreathed by umbra, studying Staves, very quick
A: very small, unfitting armour, see invisible, herbivore, speed 3, slow
metabolism 2
a: Shadow Step, Shadow Form, Renounce Religion


You were in a Gauntlet.
You worshipped Dithmenos.
Dithmenos was extremely pleased with you.
You were hungry.

You visited 3 branches of the dungeon, and saw 15 of its levels.
You also visited: Gauntlet.

You collected 1181 gold pieces.

Inventory:

Hand Weapons
 a - a +3 vorpal dagger (weapon)
 b - a +1 rapier of speed
 x - a +0 dagger of freezing
 E - a +0 scimitar of flaming
Armour
 c - a +0 hat of see invisible
 u - a +2 hat (worn)
 F - +2 steam dragon scales (worn)
Jewellery
 d - a ring of protection from fire (left hand)
 k - the ring "Loarig" (right hand) {Str+4 Int+4}
   (You took it off an orc warrior on level 7 of the Dungeon)

   [ring of intelligence]

   It affects your strength (+4).
   It affects your intelligence (+4).
 p - an uncursed amulet of faith
Wands
 j - a wand of iceblast (17)
 s - a wand of paralysis (10)
 v - a wand of random effects (10)
 z - a wand of flame (27)
 D - a wand of enslavement (21)
Scrolls
 h - 7 scrolls of teleportation
 i - 2 scrolls of blinking
 q - 2 scrolls of amnesia
 r - 2 scrolls of magic mapping
 t - 6 scrolls of remove curse
Potions
 e - 8 potions of curing
 f - 5 potions of mutation
 g - 4 potions of might
 l - 2 potions of berserk rage
 m - 6 potions of flight
 o - 2 potions of ambrosia
 w - 2 potions of haste
 B - a potion of lignification
 C - a potion of brilliance {unknown}
 G - 2 potions of invisibility
 I - a potion of resistance {unknown}
Books
 y - a manual of Staves
Comestibles
 n - 15 rations


   Skills:
 * Level 9.7 Fighting
 - Level 14.0 Short Blades
 + Level 12.4 Dodging
 - Level 10.0 Stealth
 - Level 5.0 Spellcasting
 - Level 7.0 Hexes
 + Level 0.5 Invocations


You had 9 spell levels left.
You knew the following spells:

 Your Spells              Type           Power        Failure   Level  Hunger
a - Corona                Hex            #####..      1%          1    None
b - Ensorcelled Hibernat  Hex/Ice        ###...       3%          2    None
c - Confusing Touch       Hex            #####...     1%          3    ##.....
d - Tukima's Dance        Hex            #####...     1%          3    ##.....
e - Dazzling Flash        Conj/Hex       ###...       7%          3    ##.....

Your spell library contained the following spells:

 Spells                   Type           Power        Failure   Level  Hunger
 Portal Projectile        Hex/Tloc       ###...       7%          3    ##.....
 Pain                     Necr           #...         10%         1    None
 Bolt of Magma            Conj/Fire/Erth #.........   95%         5    #####..
 Excruciating Wounds      Chrm/Necr      #.........   95%         5    #####..
 Iskenderun's Battlesphe  Conj/Chrm      #.......     95%         5    #####..
 Iron Shot                Conj/Erth      #.........   100%        6    #######
 Orb of Destruction       Conj           #.........   100%        7    #######
 Spellforged Servitor     Conj/Summ      #.........   100%        7    #######
 Disjunction              Tloc           #.........   100%        8    #######


Dungeon Overview and Level Annotations

Branches:
Dungeon (9/15)             Temple (1/1) D:7            Lair (5/6) D:8
  Swamp (0/4) Lair:4        Snake (0/4) Lair:4        Slime (0/5) Lair:5
Gauntlet (1/1)
    Orc: D:9-12

Altars:
Ashenzari
Dithmenos
Elyvilon
Fedhas
Gozag
Hepliaklqana
Kikubaaqudgha
Makhleb
Nemelex Xobeh
Okawaru
Ru
Sif Muna
Trog
Uskayaw
Wu Jian
Xom
Yredelemnul
The Shining One
Beogh

Annotations:
D:5 Menkaure
D:8 3 runed translucent doors, exclusion: 3 doors, Hasart's ghost, novice OpFi Gauntlet 8 transporters


Innate Abilities, Weirdness & Mutations

You are very small and have problems with some larger weapons.
You are too small for most types of armour.
You have supernaturally acute eyesight. (SInv)
You are a herbivore.
You cover ground extremely quickly.
You need to consume almost no food.


Message History

The minotaur resists with almost no effort.
Your shadow mimicks your spell!
The minotaur resists with almost no effort.
Your staff of air hits the minotaur but does no damage.
Casting: Ensorcelled Hibernation (safe; 3% risk of failure)
Confirm with . or Enter, or press ? or * to list all spells.
Your hands begin to glow red.
You are feeling hungry.
The minotaur hits you but does no damage.
The minotaur gores you but does no damage.
The minotaur hits you!! The minotaur gores you!
Your staff of air hits the minotaur but does no damage.
You hit the minotaur but do no damage.
Your shadow hits the minotaur but does no damage.
The minotaur hits you!
* * * LOW HITPOINT WARNING * * *
The minotaur closely misses you.
Your staff of air hits the minotaur but does no damage.
The minotaur throws a javelin.
The javelin pierces through you!!
You die...

#.##....8.#..#..##.#
..##.##...#..#y#.#.#
#....##.8.#..#T##...
.##.##......#..#F.....
....##.##...#..#######
######....##.©†#≈........
#∩..(H.##......#∩........
########(##.##.©.#≈........
#..##.##..@.##...#..#######
##....##.##......#..#...#.#
##.##....##.##.8.#..#..#...
#..##.##....##...#..#.##.l.
##....##.##....8.#..#..##.#
####....##.##...#..#©.#.©.
##########§8≈#..#!.##.#
#####..#l##... ###..#..#...


You could see a minotaur and a friendly staff of air.

Vanquished Creatures
  A hydra (Lair:2)
  A two-headed ogre (D:9)
  Urug (Lair:3)
  An unseen horror (D:9)
  An oklob plant (D:7)
  Joseph (Lair:1)
  3 elephants
  Maggie (D:7)
  3 komodo dragons
  A troll (D:8)
  2 hornets (D:9)
  22 blink frogs
  A hippogriff (Lair:1)
  Sigmund (D:5)
  A yak (shapeshifter) (Gauntlet)
  A wyvern (Lair:3)
  18 yaks
  Eustachio (D:4)
  A vampire mosquito (D:7)
  Edmund (D:5)
  2 nagas (Lair:4)
  6 water moccasins
  A soldier ant (D:9)
  8 porcupines
  Duvessa (D:4)
  3 orc warriors
  3 sky beasts
  A hornet zombie (D:9)
  3 black bears
  2 ice beasts
  2 phantoms (D:7)
  11 wolves
  7 ogres
  5 crocodiles
  A big kobold (D:9)
  Blork the orc (D:4)
  11 bullfrogs
  Dowan (D:4)
  A wyvern skeleton (D:6)
  A scorpion (D:8)
  11 wights
  3 howler monkeys
  3 electric eels (D:8)
  5 crimson imps
  A quasit (D:7)
  2 bullfrog zombies
  4 bullfrog skeletons
  4 jellies
  A centaur zombie (D:6)
  4 orc priests
  13 hounds
  Terence (D:3)
  8 worker ants
  Natasha (thrice) (D:3)
  4 iguanas
  12 orc wizards
  2 killer bee zombies
  A hound zombie (D:7)
  2 hound skeletons
  A howler monkey zombie (D:7)
  A worker ant zombie (D:6)
  Robin (D:3)
  3 gnolls (D:4)
  14 adders
  3 shadow imps
  An adder zombie (D:9)
  3 oozes
  An adder skeleton (D:3)
  A dart slug (D:2)
  5 leopard geckos
  57 orcs
  5 ball pythons
  4 giant cockroaches
  12 goblins
  4 hobgoblins
  6 jackals
  6 quokkas
  4 bats
  A frilled lizard (D:1)
  A jackal skeleton (D:4)
  8 kobolds
  2 leopard gecko zombies
  A quokka skeleton (D:7)
  12 rats
  A butterfly (Lair:4)
  A fungus (Lair:3)
  3 plants (D:7)
380 creatures vanquished.

Vanquished Creatures (others)
  4 fungi (Lair:2)
  2 plants (Lair:2)
  22 toadstools
28 creatures vanquished.

Grand Total: 408 creatures vanquished

Notes
Turn   | Place    | Note
-------+----------+-------------------------------------------
     0 | D:1      | kae the Spriggan Enchanter began the quest for the Orb.
     0 | D:1      | Reached XP level 1. HP: 9/9 MP: 5/5
   845 | D:1      | Reached XP level 2. HP: 13/13 MP: 6/6
   849 | D:1      | Learned a level 2 spell: Ensorcelled Hibernation
  1259 | D:2      | Reached skill level 2 in Short Blades
  1259 | D:2      | Reached XP level 3. HP: 13/16 MP: 3/8
  1321 | D:2      | Found a sparkling altar of Nemelex Xobeh.
  1363 | D:2      | Reached skill level 5 in Stealth
  1441 | D:2      | Found a white marble altar of Elyvilon.
  2031 | D:3      | Learned a level 3 spell: Confusing Touch
  2035 | D:3      | Noticed Natasha
  2147 | D:3      | Reached XP level 4. HP: 21/21 MP: 10/10
  2306 | D:3      | Noticed Terence
  2314 | D:3      | Killed Terence
  2314 | D:3      | Reached skill level 3 in Short Blades
  2578 | D:3      | Killed Natasha
  2578 | D:3      | Reached XP level 5. HP: 24/24 MP: 4/11
  2650 | D:3      | Noticed Natasha
  2663 | D:3      | Killed Natasha
  2679 | D:3      | Noticed Natasha
  2776 | D:3      | Killed Natasha
  3096 | D:3      | Found a shadowy altar of Dithmenos.
  3105 | D:3      | Found a sacrificial altar of Ru.
  3145 | D:3      | Became a worshipper of Dithmenos the Shadowed
  3328 | D:3      | Found a burning altar of Makhleb.
  3334 | D:3      | Reached XP level 6. HP: 28/28 MP: 1/12
  3394 | D:3      | Noticed Robin
  3438 | D:3      | Killed Robin
  3668 | D:4      | Noticed Eustachio
  3670 | D:4      | Reached skill level 4 in Short Blades
  4214 | D:4      | Killed Eustachio
  4214 | D:4      | Reached skill level 5 in Dodging
  4214 | D:4      | Reached skill level 5 in Hexes
  4738 | D:4      | Reached XP level 7. HP: 23/32 MP: 7/14
  5102 | D:4      | Found a shimmering altar of Xom.
  5381 | D:4      | Reached * piety under Dithmenos
  5562 | D:4      | Noticed Duvessa
  5563 | D:4      | Noticed Dowan
  5571 | D:4      | Killed Duvessa
  5571 | D:4      | Reached skill level 5 in Short Blades
  5577 | D:4      | Killed Dowan
  5609 | D:4      | Reached skill level 5 in Spellcasting
  5909 | D:4      | Noticed Blork the orc
  5912 | D:4      | Killed Blork the orc
  6073 | D:4      | Reached skill level 6 in Short Blades
  6331 | D:5      | Entered Level 5 of the Dungeon
  6336 | D:5      | Found a white marble altar of Elyvilon.
  6444 | D:5      | Noticed Sigmund
  6450 | D:5      | Killed Sigmund
  6450 | D:5      | Reached XP level 8. HP: 30/36 MP: 13/16
  6486 | D:5      | Noticed Menkaure
  6587 | D:5      | Noticed Edmund
  6594 | D:5      | Killed Edmund
  6594 | D:5      | Reached skill level 7 in Short Blades
  7536 | D:6      | Found an ancient bone altar of Kikubaaqudgha.
  7583 | D:6      | Reached ** piety under Dithmenos
  7614 | D:6      | Learned a level 3 spell: Tukima's Dance
  7690 | D:6      | Reached skill level 8 in Short Blades
  7836 | D:6      | Found a glowing golden altar of the Shining One.
  7872 | D:6      | Reached XP level 9. HP: 34/39 MP: 17/17
  8571 | D:6      | Reached skill level 9 in Short Blades
  8571 | D:6      | Reached skill level 10 in Stealth
  8976 | D:7      | Noticed Maggie
  9016 | D:7      | Reached skill level 10 in Short Blades
  9331 | D:7      | Killed Maggie
  9332 | D:7      | Found a staircase to the Ecumenical Temple.
  9368 | D:7      | Reached skill level 11 in Short Blades
  9473 | D:7      | Reached *** piety under Dithmenos
  9706 | D:7      | Identified the ring "Loarig" {Str+4 Int+4}
  9790 | D:7      | Noticed a skeletal warrior
  9832 | D:7      | Reached skill level 12 in Short Blades
  9847 | Temple   | Entered the Ecumenical Temple
 10133 | D:7      | Reached XP level 10. HP: 37/44 MP: 10/18
 10352 | D:7      | Identified the Papyrus of Stolen Souls and the Traveller
 10703 | D:7      | Found a blossoming altar of Fedhas.
 10721 | D:7      | Noticed an oklob plant
 10814 | D:7      | Killed an oklob plant
 10814 | D:7      | Reached skill level 13 in Short Blades
 11082 | D:8      | Found a staircase to the Lair.
 11105 | D:8      | Reached **** piety under Dithmenos
 11859 | D:8      | Found a runed translucent gate.
 11859 | D:8      | Found a runed translucent gate.
 11859 | D:8      | Found a runed translucent gate.
 11876 | D:8      | Noticed Hasart's ghost (novice OpFi)
 11906 | D:8      | Reached skill level 14 in Short Blades
 12235 | D:8      | Found a roughly hewn altar of Beogh.
 12254 | D:8      | Reached skill level 1 in Fighting
 13056 | D:9      | Noticed an unseen horror
 13061 | D:9      | Killed an unseen horror
 13379 | D:9      | Reached XP level 11. HP: 52/52 MP: 1/19
 13453 | D:9      | Noticed a two-headed ogre
 13467 | D:9      | Killed a two-headed ogre
 13852 | D:9      | Reached skill level 5 in Fighting
 14187 | D:9      | Reached ***** piety under Dithmenos
 14227 | Lair:1   | Entered Level 1 of the Lair of Beasts
 14263 | Lair:1   | Noticed Joseph
 14265 | Lair:1   | Killed Joseph
 15265 | Lair:2   | Noticed a seven-headed hydra
 15316 | Lair:2   | Killed a seven-headed hydra
 15387 | Lair:1   | Reached skill level 10 in Dodging
 15984 | Lair:2   | Reached XP level 12. HP: 50/64 MP: 13/20
 16727 | Lair:3   | Noticed Urug
 17500 | Lair:3   | Killed Urug
 17768 | Lair:4   | Learned a level 3 spell: Dazzling Flash
 18129 | Lair:4   | Found a staircase to the Swamp.
 18431 | Lair:4   | Found a staircase to the Snake Pit.
 19140 | Lair:5   | Found a gate leading to a gauntlet.
 19149 | Gauntlet | Entered a Gauntlet
 19149 | Gauntlet | Found a transporter.
 19149 | Gauntlet | Found a transporter.
 19149 | Gauntlet | Noticed a balrug
 19150 | Gauntlet | Found a transporter.
 19153 | Gauntlet | Found a transporter.
 19153 | Gauntlet | Found a transporter.
 19168 | Gauntlet | Found a transporter.
 19177 | Gauntlet | Found a transporter.
 19185 | Gauntlet | Found a transporter.
 19203 | Gauntlet | Found a transporter.
 19211 | Gauntlet | Found a transporter.
 19228 | Gauntlet | Found a transporter.
 19280 | Gauntlet | Found a transporter.
 19466 | Gauntlet | Noticed a fire dragon
 19471 | Gauntlet | Noticed a ghost moth
 19471 | Gauntlet | a fire dragon changed into a ghost moth
 19475 | Gauntlet | Noticed a queen ant
 19475 | Gauntlet | a ghost moth changed into a queen ant
 19476 | Gauntlet | Noticed a minotaur
 19476 | Gauntlet | a queen ant changed into a minotaur
 19477 | Gauntlet | Noticed a dire elephant
 19477 | Gauntlet | a minotaur changed into a dire elephant
 19478 | Gauntlet | Noticed a ghost moth
 19478 | Gauntlet | a dire elephant changed into a ghost moth
 19510 | Gauntlet | Noticed a quicksilver dragon
 19514 | Gauntlet | Noticed a dire elephant
 19514 | Gauntlet | a quicksilver dragon changed into a dire elephant
 19517 | Gauntlet | Noticed a catoblepas
 19517 | Gauntlet | a dire elephant changed into a catoblepas
 19520 | Gauntlet | Noticed an entropy weaver
 19520 | Gauntlet | a catoblepas changed into an entropy weaver
 19534 | Gauntlet | Noticed a queen ant
 19535 | Gauntlet | Noticed a fire dragon
 19535 | Gauntlet | a queen ant changed into a fire dragon
 19542 | Gauntlet | Noticed a satyr
 19542 | Gauntlet | a fire dragon changed into a satyr
 19546 | Gauntlet | Noticed a great orb of eyes
 19546 | Gauntlet | a satyr changed into a great orb of eyes
 19548 | Gauntlet | Noticed an entropy weaver
 19548 | Gauntlet | a great orb of eyes changed into an entropy weaver
 19552 | Gauntlet | Noticed an ettin
 19552 | Gauntlet | an entropy weaver changed into an ettin
 19556 | Gauntlet | Noticed a ghost moth
 19556 | Gauntlet | an ettin changed into a ghost moth
 19558 | Gauntlet | Noticed a queen ant
 19558 | Gauntlet | a ghost moth changed into a queen ant
 19559 | Gauntlet | a queen ant changed into a tyrant leech
 19560 | Gauntlet | Noticed an alligator
 19560 | Gauntlet | a tyrant leech changed into an alligator
 19567 | Gauntlet | Noticed an eight-headed hydra
 19567 | Gauntlet | an alligator changed into an eight-headed hydra
 19569 | Gauntlet | Noticed a catoblepas
 19569 | Gauntlet | an eight-headed hydra changed into a catoblepas
 19578 | Gauntlet | Noticed a minotaur
 19578 | Gauntlet | a catoblepas changed into a minotaur
 19580 | Gauntlet | a minotaur changed into an iron troll
 19582 | Gauntlet | Noticed an alligator snapping turtle
 19582 | Gauntlet | an iron troll changed into an alligator snapping turtle
 19591 | Gauntlet | Noticed a shadow dragon
 19591 | Gauntlet | an alligator snapping turtle changed into a shadow dragon
 19592 | Gauntlet | Noticed an alligator snapping turtle
 19592 | Gauntlet | a shadow dragon changed into an alligator snapping turtle
 19593 | Gauntlet | Noticed a fire giant
 19593 | Gauntlet | an alligator snapping turtle changed into a fire giant
 19594 | Gauntlet | Noticed a quicksilver dragon
 19594 | Gauntlet | a fire giant changed into a quicksilver dragon
 19597 | Gauntlet | Noticed an azure jelly
 19597 | Gauntlet | a quicksilver dragon changed into an azure jelly
 19600 | Gauntlet | Noticed a frost giant
 19600 | Gauntlet | an azure jelly changed into a frost giant
 19606 | Gauntlet | Noticed an azure jelly
 19606 | Gauntlet | a frost giant changed into an azure jelly
 19607 | Gauntlet | Noticed a dire elephant
 19607 | Gauntlet | an azure jelly changed into a dire elephant
 19610 | Gauntlet | Noticed a quicksilver dragon
 19610 | Gauntlet | a dire elephant changed into a quicksilver dragon
 19612 | Gauntlet | Noticed a stone giant
 19612 | Gauntlet | a quicksilver dragon changed into a stone giant
 19617 | Gauntlet | a stone giant changed into an iron troll
 19619 | Gauntlet | Noticed a stone giant
 19619 | Gauntlet | an iron troll changed into a stone giant
 19635 | Gauntlet | Noticed a frost giant
 19637 | Gauntlet | Noticed a shadow dragon
 19637 | Gauntlet | a frost giant changed into a shadow dragon
 19642 | Gauntlet | a shadow dragon changed into an iron troll
 19768 | Gauntlet | Identified the ring of Trepidation {rPois AC+1 Dex+4
                  | Slay+4}
 19768 | Gauntlet | Noticed a minotaur
 19780 | Gauntlet | Hit by a javelin thrown by a minotaur

Levels and vault maps discovered:
D:1:      ldierk_walled_garden_2, layout_basic
D:2:      layout_loops_cross, nicolae_overflow_crystal_walls,
          nemelex_xobeh_ov_fountains_minmay, serial_forest,
          infiniplex_forest_straight_1, infiniplex_forest_lined_room_,
          infiniplex_forest_clump_large, infiniplex_forest_clump_tiny,
          infiniplex_forest_straight_5, infiniplex_forest_end_2
D:3:      layout_basic, nicolae_ru_the_path_less_chosen,
          nicolae_dithmenos_through_a_glass_darkly, first_ration,
          makhleb_heckhound_becter, uniq_terence, uniq_natasha, uniq_robin
D:4:      layout_basic, led_xom_imps, uniq_blork_the_orc, uniq_duvessa,
          uniq_eustachio
D:5:      layout_loops_ring, basic_altar, minmay_holes, minmay_manual_mullet,
          uniq_menkaure, uniq_edmund, uniq_sigmund
D:6:      minmay_polygon_palace, layout_layer_cave, lemuel_crystal_altar,
          basic_altar
D:7:      minmay_the_grid_octo_2x2 [minmay_the_grid_octo_clover,
          minmay_the_grid_octo_checkered, minmay_the_grid_octo_vomiting_pacman,
          minmay_the_grid_octo_prize_ultimate_mussel_roller], layout_rooms,
          minmay_temple_entry_mini_moons, tgw_fedhas, uniq_maggie
D:8:      layout_cave_pods, erik_lair_island, special_room [special_room_orc],
          gammafunk_ghost_spectres
D:9:      layout_cave_pools, hangedman_pestilent_swarm
Temple:   nicolae_temple_x_marks_the_god
Lair:1:   layout_regular_city, chequers_serial_rivers_micro_a, uniq_joseph
Lair:2:   layout_roguey
Lair:3:   layout_big_grid, uniq_urug
Lair:4:   layout_layer_cave, swamp_mist, guppyfry_snake_entry_island,
          lemuel_fruit_tree, serial_bayou_shore_b, lemuel_fruit_fields
Lair:5:   layout_regular_city, slime_dummy, gauntlet_entry_generic,
          chequers_serial_rivers_micro_e, cheibrodos_lair_lostbears,
          minmay_lair_oklob_chamber
Gauntlet: gammafunk_gauntlet_shortcut [nicolae_gauntlet_arena_quarters,
          gammafunk_gauntlet_arena_corners, gammafunk_gauntlet_arena_mazey,
          gammafunk_gauntlet_arena_crates, nicolae_gauntlet_arena_flowing_pool,
          gammafunk_gauntlet_arena_chambers, gauntlet_exit_green]

Skill      XL: |  1  2  3  4  5  6  7  8  9 10 11 12 |
---------------+-------------------------------------+-----
Spellcasting   | 3 4 5 |  5.0
Short Blades   | 2 3 4 6 8 12 14 | 14.0
Hexes          | 4 5 6 7 |  7.0
Stealth        | 5 6 7 9 10 | 10.0
Dodging        | 4 5 6 10 12 | 12.4
Fighting       | 3 7 9 |  9.7
Invocations    | |  0.5

Action                   |  1- 3 |  4- 6 |  7- 9 | 10-12 || total
-------------------------+-------+-------+-------+-------++-------
Melee: Dagger            |    96 |    74 |   480 |   806 ||  1456
       Rapier            |       |    88 |    32 |       ||   120
 Cast: Corona            |    14 |     1 |     9 |    23 ||    47
       Ensorcelled Hiber |     6 |    35 |    67 |   247 ||   355
       Confusing Touch   |       |     2 |    16 |    14 ||    32
       Tukima's Dance    |       |       |     2 |     4 ||     6
       Dazzling Flash    |       |       |       |     1 ||     1
Invok: Shadow Step       |       |       |       |     4 ||     4
Evoke: Wand              |       |       |       |     1 ||     1
  Use: Scroll            |     4 |       |     6 |    18 ||    28
       Potion            |       |       |       |    10 ||    10
 Stab: Sleeping          |    11 |    28 |    40 |   117 ||   196
       Confused          |       |     1 |    15 |    12 ||    28
       Invisible         |       |       |       |     3 ||     3
       Distracted        |       |       |       |     3 ||     3
  Eat: Ration            |       |     2 |     4 |     6 ||    12
Armor: Robe              |    10 |    21 |    13 |       ||    44
       Steam dragon scal |       |       |    12 |    61 ||    73
Dodge: Dodged            |    73 |   226 |   338 |   622 ||  1259

Table legend:
 A = Non-vault XP
 B = Vault XP
 C = Vault XP percentage of total XP
 D = Non-vault monster count
 E = Vault monster count
 F = Vault count percentage of total count
                 A         B        C        D         E       F
            +---------+---------+-------+---------+---------+-------
      Total |   24756 |    6765 |  21.5 |     274 |     101 |  26.9
            +---------+---------+-------+---------+---------+-------
        D:1 |      19 |       0 |   0.0 |      15 |       0 |   0.0
        D:2 |      59 |       0 |   0.0 |      10 |       0 |   0.0
        D:3 |     208 |     138 |  39.9 |      27 |      10 |  27.0
        D:4 |     227 |     700 |  75.5 |      17 |       8 |  32.0
        D:5 |     422 |     490 |  53.7 |      10 |       6 |  37.5
        D:6 |     792 |     602 |  43.2 |      19 |      15 |  44.1
        D:7 |    1685 |    1675 |  49.9 |      43 |      18 |  29.5
        D:8 |    1573 |    1031 |  39.6 |      31 |      35 |  53.0
        D:9 |    3877 |     511 |  11.6 |      29 |       4 |  12.1
     Lair:1 |    2653 |     493 |  15.7 |      14 |       1 |   6.7
     Lair:2 |    6819 |       0 |   0.0 |      32 |       0 |   0.0
     Lair:3 |    4175 |     593 |  12.4 |      18 |       1 |   5.3
     Lair:4 |    2247 |     323 |  12.6 |       9 |       2 |  18.2
   Gauntlet |       0 |     209 | 100.0 |       0 |       1 | 100.0
            +---------+---------+-------+---------+---------+-------
